Map: Disco Bloodbath LE

Players

Osiris

  • Race: Terran Terran
  • League: Master
  • Spawn Location: 3:00

JimmyShmo - Winner!

  • Race: Protoss Protoss
  • League: Diamond
  • Spawn Location: 9:00

VOD

Have the link to the VOD?

Description

Time

  • Played on: Nov. 9, 2019, 3:09 p.m.
  • Length: 13:15
Show
View Real Time Build Order
Export as new Build Order

Osiris Terran 

Build Orders: Reaper Expand, Mech 

Get SALT Encoding   

  12  0:00  SCV  
  13  0:13  SCV  
  14  0:17  Supply Depot  
  14  0:25  SCV  
  15  0:39  SCV  
  15  0:41  Barracks  
  16  0:48  Refinery  
  16  0:51  SCV  
  17  1:03  SCV  
  18  1:15  SCV  
  19  1:28  Orbital Command  
  19  1:31  Reaper  
  20  1:42  Command Center  
  20  1:59  SCV  
  21  2:05  Barracks Reactor  
  21  2:09  Barracks Tech Lab  
  21  2:18  SCV  
  22  2:24  Factory  
  22  2:25  Supply Depot  
  22  2:28  Marine  
  23  2:46  Marine, SCV  
  25  2:59  SCV  
  26  3:11  SCV  
  28  3:13  Orbital Command  
  27  3:21  Command Center  
  27  3:23  Cyclone  
  31  3:27  SCV, Refinery  
  31  3:33  Barracks Tech Lab  
  31  3:40  SCV x2  
  33  3:52  SCV  
  33  3:53  Refinery  
  33  3:55  Starport  
  34  3:58  SCV  
  35  4:04  SCV  
  36  4:10  SCV  
  36  4:16  SCV  
  38  4:22  SCV  
  39  4:28  SCV  
  39  4:29  Siege Tank  
  43  4:33  Orbital Command  
  43  4:34  SCV  
  44  4:40  Banshee  
  44  4:41  SCV  
  46  4:46  SCV  
  46  4:53  SCV  
  46  4:59  SCV x2  
  49  5:01  Siege Tank  
  49  5:02  Refinery  
  49  5:05  SCV  
  50  5:18  Barracks Reactor  
  50  5:25  SCV  
  51  5:30  Cloaking Field  
  51  5:32  SCV  
  51  5:33  SCV  
  53  5:39  Siege Tank  
  53  5:40  SCV  
  57  5:44  SCV  
  57  5:45  SCV  
  59  5:53  Engineering Bay  
  59  5:58  Supply Depot x2, Banshee, Marine x2  
  59  6:01  SCV x3  
  67  6:06  Factory  
  67  6:10  Factory  
  67  6:13  SCV x2  
  69  6:19  Supply Depot  
  69  6:20  SCV  
  69  6:22  Missile Turret  
  69  6:23  Supply Depot  
  70  6:26  Missile Turret  
  70  6:28  Missile Turret, SCV  
  70  6:29  Missile Turret  
  70  6:30  Siege Tank  
  70  6:32  SCV x2  
  76  6:34  Marine x2  
  78  6:43  Armory x2, SCV  
  78  6:44  SCV  
  80  6:47  Missile Turret  
  80  6:48  Missile Turret, Banshee  
  80  6:49  SCV  
  80  6:51  Missile Turret, Supply Depot  
  84  6:55  SCV  
  85  7:07  Factory Tech Lab, Missile Turret  
  85  7:11  Factory  
  85  7:12  SCV x3  
  85  7:14  Factory, Hellion  
  85  7:15  Hellion  
  92  7:24  SCV x2  
  94  7:30  Siege Tank x2  
  94  7:36  Refinery  
  100  7:42  Refinery  
  96  7:45  Hellion  
  96  7:46  Hellion  
  98  7:56  SCV  
  98  7:58  Hellion  
  101  8:06  Hellion x3  
  101  8:08  Terran Vehicle Weapons Level 1  
  101  8:09  Terran Vehicle And Ship Armor Level 1  
  107  8:15  Orbital Command  
  107  8:19  Hellion  
  109  8:23  Supply Depot  
  109  8:24  Missile Turret  
  109  8:26  Hellion x2  
  113  8:27  Hellion  
  113  8:29  Missile Turret x2, SCV x2  
  113  8:31  Missile Turret  
  113  8:32  Missile Turret  
  113  8:33  Missile Turret  
  117  8:45  Hellion x2  
  117  8:47  Hellion  
  123  8:48  Factory Tech Lab  
  123  8:50  Factory Reactor  
  123  9:01  Hellion  
  125  9:10  Banshee, Supply Depot  
  125  9:11  Supply Depot  
  125  9:12  Siege Tank  
  125  9:13  Hellion  
  133  9:24  Siege Tank  
  133  9:25  Orbital Command  
  130  9:40  Hellion  
  130  9:41  Siege Tank, Hellion x3  
  141  9:51  SCV x2  
  143  9:57  Siege Tank  
  146  10:05  Refinery  
  143  10:07  Infernal Pre-Igniter  
  143  10:09  Smart Servos  
  143  10:10  SCV x2  
  143  10:12  Terran Vehicle Weapons Level 2  
  143  10:13  Terran Vehicle And Ship Armor Level 2  
  145  10:17  Hellion  
  144  10:26  Hellion  
  144  10:27  Hellion  
  148  10:55  Hellion x2  
  149  11:05  Supply Depot  
  149  11:06  Supply Depot  
  149  11:14  Command Center  
  149  11:19  Command Center  
  149  11:20  Factory  
  149  11:26  Siege Tank x2, SCV x2  
  149  11:27  Factory, Siege Tank, Hellion x2  
  164  11:37  Hellion x2  
  125  11:53  Hellion x2  
  105  11:58  Thor x2, Hellion  
  113  12:02  Thor  
  113  12:07  Thor x3, Widow Mine  
  113  12:11  Factory Tech Lab x2  
  111  12:19  Widow Mine x2  
  111  12:22  Widow Mine  
  117  12:25  Refinery x2  
  128  12:37  Widow Mine  
  128  12:40  Widow Mine  
  107  12:46  Widow Mine  
Show
View Real Time Build Order
Export as new Build Order

JimmyShmo Protoss - Winner!

Build Orders: 1 Gate Expand, Carriers 

Get SALT Encoding   

  12  0:00  Probe  
  13  0:12  Probe  
  14  0:18  Pylon  
  14  0:24  Probe  
  15  0:36  Gateway  
  15  0:38  Probe  
  16  0:46  Assimilator  
  16  0:50  Probe (Chrono Boost)  
  17  0:59  Probe (Chrono Boost)  
  18  1:04  Probe (Chrono Boost)  
  19  1:16  Probe  
  20  1:22  Nexus  
  20  1:36  Cybernetics Core  
  20  1:37  Assimilator  
  21  1:40  Probe  
  21  1:44  Assimilator  
  21  1:52  Probe  
  21  1:54  Pylon  
  22  2:04  Probe  
  23  2:12  Assimilator  
  23  2:25  Stalker (Chrono Boost)  
  24  2:32  Gateway  
  24  2:33  Gateway  
  24  2:35  Probe  
  25  2:44  Warp Gate  
  25  2:53  Probe x2  
  27  3:15  Probe  
  27  3:18  Probe  
  29  3:21  Stalker x2  
  29  3:22  Stalker  
  35  3:28  Twilight Council  
  35  3:33  Probe (Chrono Boost)  
  36  3:34  Assimilator  
  36  3:35  Probe (Chrono Boost)  
  37  3:45  Robotics Facility  
  37  3:46  Probe (Chrono Boost)  
  39  3:49  Probe (Chrono Boost)  
  39  3:53  Pylon  
  39  4:01  Charge (Chrono Boost)  
  39  4:04  Zealot x2  
  39  4:09  Probe  
  44  4:13  Probe  
  45  4:22  Pylon  
  43  4:26  Pylon  
  43  4:31  Shield Battery  
  43  4:32  Shield Battery  
  43  4:37  Immortal (Chrono Boost)  
  47  4:58  Probe x2  
  47  5:04  Stalker x3  
  53  5:10  Probe x2  
  55  5:14  Assimilator  
  55  5:18  Gateway  
  55  5:21  Observer (Chrono Boost)  
  56  5:23  Forge  
  56  5:27  Probe  
  57  5:30  Zealot  
  57  5:32  Zealot  
  62  5:36  Probe (Chrono Boost)  
  62  5:39  Probe (Chrono Boost), Pylon  
  63  5:48  Probe (Chrono Boost)  
  65  5:51  Probe (Chrono Boost)  
  65  5:52  Protoss Ground Weapons Level 1 (Chrono Boost)  
  65  5:55  Warp Prism  
  65  5:56  Probe (Chrono Boost)  
  68  6:04  Photon Cannon  
  68  6:05  Probe  
  68  6:07  Probe  
  70  6:20  Gateway  
  70  6:22  Gateway  
  70  6:24  Gateway  
  70  6:26  Probe  
  70  6:30  Pylon  
  70  6:32  Pylon  
  71  6:57  Stalker x2  
  73  7:04  Nexus  
  73  7:10  Photon Cannon  
  71  7:16  Pylon  
  71  7:17  Pylon  
  71  7:18  Zealot x3  
  71  7:19  Zealot  
  79  7:29  Probe x2  
  81  7:31  Templar Archives  
  80  7:37  Gateway  
  80  7:38  Gateway  
  80  8:06  Stargate  
  80  8:07  Stargate, Probe x2 (Chrono Boost)  
  80  8:08  Stargate, High Templar x2  
  80  8:09  High Templar x5  
  80  8:12  Archon x2  
  96  8:13  Archon  
  96  8:16  Probe (Chrono Boost)  
  98  8:20  Protoss Ground Weapons Level 2 (Chrono Boost)  
  98  8:24  Probe (Chrono Boost)  
  98  8:33  Observer (Chrono Boost)  
  99  8:46  Probe x3  
  102  8:49  Assimilator  
  102  8:53  Assimilator  
  102  8:57  Immortal  
  102  8:58  Probe x2  
  108  9:12  Probe x2  
  108  9:13  Fleet Beacon  
  110  9:33  Probe x2  
  110  9:35  Zealot x6  
  124  9:41  Pylon  
  124  9:43  Pylon  
  124  9:54  Probe (Chrono Boost)  
  124  9:57  Carrier (Chrono Boost)  
  124  9:59  Carrier (Chrono Boost)  
  133  10:01  Probe x2 (Chrono Boost)  
  133  10:03  Pylon  
  133  10:05  Pylon  
  133  10:07  Immortal (Chrono Boost)  
  137  10:09  Carrier (Chrono Boost)  
  141  10:39  Pylon  
  141  10:42  Pylon  
  141  10:53  Zealot x5  
  157  10:58  Pylon  
  157  11:00  Carrier (Chrono Boost)  
  157  11:03  Carrier (Chrono Boost)  
  155  11:07  High Templar x2  
  155  11:08  Zealot x2  
  155  11:11  Archon  
  175  11:22  Carrier (Chrono Boost)  
  175  11:24  Pylon  
  175  11:26  Pylon  
  175  11:30  Zealot x4  
  160  11:43  Zealot x5  
  135  11:51  Zealot x3  
  121  11:58  Zealot  
  114  12:13  Probe x2 (Chrono Boost)  
  114  12:14  Probe (Chrono Boost)  
  120  12:23  Probe (Chrono Boost)  
  120  12:24  Probe x2 (Chrono Boost)  
  107  12:53  Phoenix (Chrono Boost)  
  107  12:55  Probe x2  
Tags
 
Add a new tag
Caveats
  • Supply blocks, unpowered buildings, or Contaminate may cause inaccurate times.
  • Supply counts are checked every 10 seconds.